 Dungeon Crawl Stone Soup version 0.30-a0-972-gf3ab3527aa (webtiles) character file.

Game seed: 14132497663826938615

138 vishdafish the Conjurer (level 5, 35/35 HPs)
             Began as a Demonspawn Conjurer on Mar 31, 2023.
             Quit the game on level 3 of the Dungeon.
             The game lasted 00:02:00 (2933 turns).

vishdafish the Conjurer (Demonspawn Conjurer)       Turns: 2933, Time: 00:02:00

Health: 35/35      AC:  5    Str:  7    XL:     5   Next: 1%
Magic:  10/10      EV: 12    Int: 22    God:
Gold:   131        SH:  0    Dex: 11    Spells: 10/11 levels left

rFire   . . .      SeeInvis .    d - +2 dagger (freeze)
rCold   . . .      Faith    .    (no shield)
rNeg    . . .      Spirit   .    a - +0 robe
rPois   .          Reflect  .    s - +0 helmet
rElec   .          Rampage  .    l - +0 cloak
rCorr   .                        p - +0 pair of gloves
Will    .....                    (no boots)
Stlth   ++                       (no amulet)
HPRegen 0.25/turn                (no ring)
MPRegen 0.12/turn                (no ring)

@: no status effects
A: hooves 1, demonic magic 1
a: no special abilities


You were on level 3 of the Dungeon.
You visited 1 branch of the dungeon, and saw 3 of its levels.

You collected 131 gold pieces.

Inventory:

Hand Weapons
 d - a +2 dagger of freezing (weapon)
Missiles
 f - 3 curare-tipped darts
Armour
 a - a +0 robe (worn)
 l - a +0 cloak (worn)
 p - a +0 pair of gloves (worn)
 s - a +0 helmet (worn)
 t - an orb of energy
Scrolls
 c - a scroll of poison {unknown}
 g - 4 scrolls of identify {unknown}
 j - a scroll of noise {unknown}
 m - a scroll of fog {unknown}
 n - 2 scrolls of blinking {unknown}
 q - a scroll of teleportation {unknown}
Potions
 b - a potion of magic
 e - a potion of attraction {unknown}
 h - a potion of curing
 i - a potion of might {unknown}
 k - a potion of flight {unknown}
 o - a potion of degeneration {unknown}
 r - a potion of berserk rage {unknown}


   Skills:
 - Level 1.7 Dodging
 - Level 1.7 Stealth
 + Level 3.6 Spellcasting
 + Level 5.3 Conjurations


You had 10 spell levels left.
You knew the following spells:

 Your Spells              Type           Power      Damage    Failure   Level
a - Magic Dart            Conj           100%       1d8       1%          1

Your spell library contained the following spells:

 Spells                   Type           Power      Damage    Failure   Level
 Searing Ray              Conj           54%        2d6       1%          2
 Dazzling Flash           Conj/Hex       30%        N/A       12%         3
 Fulminant Prism          Conj/Hex       7%         3d6       36%         4
 Iskenderun's Mystic Bla  Conj/Tloc      15%        2d5       36%         4


Dungeon Overview and Level Annotations

Branches:
Dungeon (3/15)

Altars:

Shops:
D:1 *


Innate Abilities, Weirdness & Mutations

You have large cloven feet.
Spells you cast may paralyse adjacent enemies.


Message History

You can't see any susceptible monsters within range! (Use Z to cast anyway.)
You can't see any susceptible monsters within range! (Use Z to cast anyway.)
A rat comes into view.
A rat is nearby!
A rat is nearby!
A rat is nearby!
The magic dart hits the rat.
You kill the rat!
You can't see any susceptible monsters within range! (Use Z to cast anyway.)
You can't see any susceptible monsters within range! (Use Z to cast anyway.)
A goblin comes into view. It is wielding a +0 club.
Found a glowing orb.
A goblin is nearby!
A goblin is nearby!
The magic dart hits the goblin!
You kill the goblin!
You can't see any susceptible monsters within range! (Use Z to cast anyway.)
You see here an orb of energy.
t - an orb of energy A dart slug comes into view.
A dart slug is nearby!
A dart slug is nearby!
The magic dart hits the dart slug.
The dart slug is moderately wounded.
The magic dart hits the dart slug.
The dart slug is severely wounded.
The dart slug launches a dart at you. The slug dart hits you.
The magic dart hits the dart slug.
You kill the dart slug!
You have reached level 5!
Your demonic ancestry asserts itself...
A menacing aura infuses your magic.
You now have 131 gold pieces (gained 2).
A goblin comes into view. It is wielding a +0 dagger.
A goblin is nearby!
Are you sure you want to abandon this character and quit the game? (Confirm with "yes".)
Okay, then.
Unknown command.
Are you sure you want to abandon this character and quit the game? (Confirm with "yes".)

###........#....#.#
###...##..###..#.#
#...#####.....##.#
#.##########...#)# #.#
#......#...#.. #.#
#.........####
#.###........##
#.......###.###########
##########.....@.....g.
##############


You could see a goblin.

Vanquished Creatures
  A scorpion (D:3)
  2 adders (D:2)
  3 dart slugs
  2 ball pythons
  5 endoplasms
  4 giant cockroaches
  4 hobgoblins
  7 jackals (D:2)
  3 quokkas
  2 bats
  4 frilled lizards
  5 goblins
  6 kobolds
  7 rats
55 creatures vanquished.

Notes
Turn   | Place    | Note
-------+----------+-------------------------------------------
     0 | D:1      | vishdafish the Demonspawn Conjurer began the quest for the
                  | Orb.
     0 | D:1      | Reached XP level 1. HP: 13/13 MP: 3/3
   354 | D:1      | Gained mutation: You have large cloven feet. [demonic
                  | ancestry]
   354 | D:1      | Reached XP level 2. HP: 19/19 MP: 5/5
   527 | D:1      | Found Qaskam's Assorted Antiques.
  1388 | D:2      | Reached XP level 3. HP: 24/24 MP: 1/7
  2467 | D:3      | Noticed a scorpion
  2485 | D:3      | Killed a scorpion
  2486 | D:3      | Reached skill level 5 in Conjurations
  2486 | D:3      | Reached XP level 4. HP: 13/30 MP: 4/9
  2854 | D:3      | Gained mutation: Spells you cast may paralyse adjacent
                  | enemies. [demonic ancestry]
  2854 | D:3      | Reached XP level 5. HP: 29/35 MP: 6/10
  2933 | D:3      | Quit the game

Illustrated notes

Levels and vault maps discovered:
D:1:      psy_arrival_fountain, layout_basic, serial_shops, nicolae_shop_crystal
D:2:      layout_loops_corners, minivault_27
D:3:      minmay_general_purpose_star, layout_rooms

Skill      XL: |  1  2  3 |
---------------+----------+-----
Spellcasting   | 3 |  3.6
Conjurations   | 5 |  5.3
Dodging        | |  1.7
Stealth        | |  1.7

Action                     |  1- 3 |  4- 6 || total
---------------------------+-------+-------++-------
  Melee: Dagger            |    75 |       ||    75
         Kick              |    25 |       ||    25
   Cast: Magic Dart        |    34 |    21 ||    55
    Use: Potion            |     1 |       ||     1
   Stab: Sleeping          |     3 |       ||     3
 Armour: Robe              |    15 |       ||    15
  Dodge: Dodged            |    43 |       ||    43

Table legend: (Time is in decaauts)
 A = Elapsed time spent in this place.
 B = Non-inter-level travel time spent in this place.
 C = Inter-level travel time spent in this place.
 D = Time resting spent in this place.
 E = Time spent auto-exploring this place.
 F = Levels seen in this place.
 G = Mean time per level.
                   A        B        C        D        E       F      G
               +--------+--------+--------+--------+--------+-----+--------+
         Total |   2932 |   2749 |    183 |      0 |   2429 |   3 |  977.3 |
       Dungeon |   2932 |   2749 |    183 |      0 |   2429 |   3 |  977.3 |
               +--------+--------+--------+--------+--------+-----+--------+

Top non-repeatable levels by time:
     D:2: 1205 daAuts
     D:1: 1172 daAuts
     D:3: 553 daAuts
